 Dungeon Crawl Stone Soup version 0.30-a0-845-g7c6808c8ce (webtiles) character file.

Game seed: 7130000644330501665

51362 demibob the Markshill orc (level 14, 0/115 HPs)
             Began as a Hill Orc Hunter on Mar 2, 2023.
             Was the Champion of Beogh.
             Slain by an ogre mage
             ... wielding a +0 spear
              (2 damage)
             ... on level 2 of the Orcish Mines.
             The game lasted 00:32:58 (22156 turns).

demibob the Markshill orc (Hill Orc Hunter)        Turns: 22156, Time: 00:32:59

Health: 0/115      AC: 19    Str: 14    XL:     14   Next: 59%
Magic:  14/14      EV: 15    Int:  9    God:    Beogh [******]
Gold:   2573       SH:  0    Dex: 19    Spells: 13/13 levels left

rFire   . . .      SeeInvis .    b - +4 long sword (elec)
rCold   + + .      Faith    .    (no shield)
rNeg    + . .      Spirit   .    j - +1 scale mail {rPois}
rPois   +          Reflect  .    h - +0 hat
rElec   .          Rampage  .    O - +1 cloak
rCorr   .                        x - +0 pair of gloves
Will    +....                    D - +0 pair of boots
Stlth   +                        (no amulet)
HPRegen 0.39/turn                k - ring of Xaulawn {rC++ rN+ AC+4 Str-3 Dex+3}
MPRegen 0.14/turn                E - +5 ring of evasion

@: mighty, invisible (expiring)
A: walk on water
a: Renounce Religion, Smiting, Recall Orcish Followers, Give Item to Named
Follower, Resurrection


You were on level 2 of the Orcish Mines.
You worshipped Beogh.
Beogh was exalted by your worship.
You visited 3 branches of the dungeon, and saw 19 of its levels.

You collected 2573 gold pieces.


   Skills:
 - Level 8.2 Fighting
 + Level 15.2 Long Blades
 - Level 16.0 Ranged Weapons
 - Level 11.4 Armour
 - Level 1.5 Dodging
 - Level 0.7 Stealth


You had 13 spell levels left.
You didn't know any spells.
Your spell library contained the following spells:

 Spells                   Type           Power      Damage    Failure   Level
 Apportation              Tloc           0%         N/A       77%         1
 Beastly Appendage        Tmut           0%         N/A       77%         1
 Necrotise                Necr           0%         1d4       77%         1
 Summon Small Mammal      Summ           0%         N/A       77%         1
 Cigotuvi's Dreadful Rot  Necr/Pois/Air  0%         N/A       88%         2
 Poisonous Vapours        Pois/Air       0%         N/A       88%         2
 Wereblood                Tmut           0%         N/A       88%         2
 Call Canine Familiar     Summ           0%         N/A       98%         3
 Dazzling Flash           Conj/Hex       0%         N/A       98%         3
 Mephitic Cloud           Conj/Pois/Air  0%         N/A       98%         3
 Portal Projectile        Hex/Tloc       0%         N/A       98%         3
 Spider Form              Tmut/Pois      0%         N/A       98%         3
 Tukima's Dance           Hex            0%         N/A       98%         3
 Iskenderun's Mystic Bla  Conj/Tloc      0%         2d3       100%        4
 Leda's Liquefaction      Hex/Erth       0%         N/A       100%        4
 Passage of Golubria      Tloc           0%         N/A       100%        4
 Yara's Violent Unravell  Hex/Tmut       0%         3d3       100%        5
 Starburst                Conj/Fire      0%         6d3       100%        6

Inventory:

Hand Weapons
 a - a +1 shortbow of flaming
 b - a +4 long sword of electrocution (weapon)
 R - a +2 great sword of electrocution
Missiles
 u - 7 throwing nets {=f}
Armour
 h - a +0 hat (worn)
 j - a +1 scale mail of poison resistance (worn)
 x - a +0 pair of gloves (worn)
 D - a +0 pair of boots (worn)
 O - a +1 cloak (worn)
Magical Staves
 H - a staff of cold {!a}
Jewellery
 k - the ring of Xaulawn (left hand) {rC++ rN+ AC+4 Str-3 Dex+3}
   (You acquired it on level 3 of the Dungeon)

   [ring of protection]

   AC:        It affects your AC (+4).
   Str:       It affects your strength (-3).
   Dex:       It affects your dexterity (+3).
   rC:        It greatly protects you from cold.
   rN:        It protects you from negative energy.
 t - a +4 ring of protection
 v - a ring of see invisible
 C - a ring of ice
 E - a +5 ring of evasion (right hand)
 P - a ring of poison resistance
 T - a +4 ring of protection
Wands
 c - a wand of mindburst (6)
 m - a wand of digging (3)
 n - a wand of charming (23)
 y - a wand of polymorph (18)
 G - a wand of flame (34)
 M - a wand of roots (7)
Scrolls
 d - 6 scrolls of immolation
 w - 2 scrolls of brand weapon
 z - 3 scrolls of teleportation {@r2}
 B - a scroll of enchant armour
 F - 10 scrolls of identify {@r1}
 I - 4 scrolls of poison
 K - 3 scrolls of enchant weapon
 L - a scroll of amnesia
 V - a scroll of fear
Potions
 e - 3 potions of haste {@q3}
 f - 10 potions of curing {@q1}
 g - 4 potions of magic
 i - 3 potions of degeneration
 l - 5 potions of brilliance
 o - 5 potions of ambrosia
 q - 3 potions of mutation
 r - 5 potions of attraction
 s - 6 potions of lignification
 A - a potion of resistance
 S - a potion of flight {unknown}
 U - a potion of cancellation {unknown}
Miscellaneous
 N - a piece from Xom's chessboard (15/15)

Dungeon Overview and Level Annotations

Branches:
Dungeon (12/15)            Temple (0/1) D:4            Lair (5/5) D:10
 Shoals (0/4) Lair:3       Spider (0/4) Lair:2        Slime (0/5) Lair:5
    Orc (2/2) D:11            Elf (0/3) Orc:2

Altars:
Ashenzari
Dithmenos
Elyvilon
Fedhas
Gozag
Makhleb
Nemelex Xobeh
Okawaru
Sif Muna
Trog
Wu Jian
Zin

Shops:
D:4 =

Annotations:
D:3 1 runed translucent door, Crazy Yiuf
Lair:4 2 transporters, bakla's ghost, journeyman OpFi

................o##############
.................#.###.........
....................#..........
...#...#...........#...########
....#.##.........###..####....
.....##...........##..##......
##...#..........o.##..#OO.O...
###............ooO..O.)O).OO..
..#.............@..OOOOO..O...
...#...........{#O....#O..OOO.
......................##.OOO..
...................#..# ##....
....>.............##...# ####
...........#......###....
..............#.... ......
...#.....##.###.....


You could see 4 two-headed ogres, 7 ogres, the friendly Hawl the orc knight
(strong), the friendly Morbeogh the orc knight (strong) and the friendly Spirok
the orc knight (strong).


Message History

The ogre shouts!
The ogre closely misses you. The two-headed ogre closely misses you.
The two-headed ogre hits you but does no damage.
Something hits you!
* * * LOW HITPOINT WARNING * * *
Something hits you but does no damage.
You catch the helpless ogre completely off-guard!
You hit the ogre.
The ogre is heavily wounded.
You flicker for a moment.
The two-headed ogre misses you. The two-headed ogre barely misses you.
The ogre hits you with a +0 giant club!!
* * * LOW HITPOINT WARNING * * *
Something hits you but does no damage.
You catch the helpless ogre completely off-guard!
You slash the ogre!
The ogre is almost dead.
You hear some strange, mumbled words.
The ogre seems to speed up.
You hit something. Lightning courses through something!!
The two-headed ogre hits you with a +0 giant club!
* * * LOW HITPOINT WARNING * * *
The two-headed ogre misses you. The ogre closely misses you.
Something hits you but does no damage.
Morbeogh unwields a +0 arbalest.
Morbeogh hits the ogre!!
The ogre dies!
Beogh accepts your kill. Something hits you.
You die...

Skill      XL: |  1  2  3  4  5  6  7  8  9 10 11 12 13 14 |
---------------+-------------------------------------------+-----
Ranged Weapons | 4 6 8 10 11 13 15 16 | 16.0
Long Blades    | 1 3 5 6 7 9 10 12 14 15 | 15.2
Armour         | 2 4 6 10 11 | 11.4
Fighting       | 8 |  8.2
Dodging        | |  1.5
Stealth        | |  0.7

Action                     |  1- 3 |  4- 6 |  7- 9 | 10-12 | 13-15 || total
---------------------------+-------+-------+-------+-------+-------++-------
  Melee: Long sword        |     5 |    92 |   336 |   641 |   507 ||  1581
         Punch             |       |       |     8 |     6 |    10 ||    24
         Unarmed           |       |       |     1 |       |       ||     1
   Fire: Shortbow          |   115 |    43 |    20 |    37 |    14 ||   229
 Invoke: Convert to Beogh  |       |     1 |       |       |       ||     1
         Recall Orcish Fol |       |       |       |       |     4 ||     4
  Evoke: Wand              |       |       |       |    11 |     8 ||    19
    Use: Scroll            |     5 |     6 |     8 |    10 |     2 ||    31
         Potion            |       |     2 |     3 |     1 |    11 ||    17
   Stab: Distracted        |       |       |       |     6 |     6 ||    12
         Invisible         |       |       |       |       |     8 ||     8
 Armour: Leather armour    |    18 |       |       |       |       ||    18
         Scale mail        |     3 |    68 |   199 |   277 |   199 ||   746
         Skin              |       |       |     1 |       |       ||     1
  Dodge: Dodged            |    27 |    55 |   183 |   419 |   332 ||  1016

Levels and vault maps discovered:
D:1:      amcnicky_arrival_flooded_fountain, layout_basic
D:2:      cheibrodos_old_hovel, layout_loops_cross, serial_bayou_pond_c
D:3:      layout_basic, nicolae_dithmenos_through_a_glass_darkly,
          minmay_misc_feat_chi, uniq_robin, uniq_ijyb, uniq_crazy_yiuf_cottage,
          uniq_jessica
D:4:      layout_basic, minmay_temple_entry_statues_fountains, serial_shops,
          kennysheep_mini_moat, minmay_misc_feat_enclosed
D:5:      layout_loops_cross, mainiacjoe_overflow_small_starburst,
          mainiacjoe_overflow_chevrons, bh_walls_and_bars, uniq_blork_the_orc
D:6:      layout_layer_cave, okawaru_gym_becter, uniq_prince_ribbit1,
          uniq_eustachio
D:7:      layout_rooms
D:8:      layout_gridville, grunt_temple_overflow_gold_and_silver,
          lemuel_doored_altar, mainiacjoe_overflow_alcove_4
D:9:      layout_irregular_city, nicolae_overflow_hidden_temple,
          chequers_temple_overflow_statue_of_worship, uniq_erolcha
D:10:     layout_gridville, overflow_temple_1_default, david_lair_generic
D:11:     layout_long_grid, orc_david_3, uniq_lodul
D:12:     layout_basic, uniq_gastronok
Lair:1:   layout_hall_layers
Lair:2:   regret_index_bee_streams, layout_cave_pods,
          nicolae_spider_entry_orb_guardian, nicolae_volcano_entry_hallway,
          pond, serial_bayou_shore_a
Lair:3:   layout_roguey, minmay_shoals_entry_hut, grunt_megastairs_4,
          uniq_fannar
Lair:4:   layout_regular_city, gammafunk_ghost_hive, grunt_megastairs_2
Lair:5:   hangedman_lair_caniforms_friends, layout_cave_pods, slime_entry_1,
          lemuel_old_faithful, serial_bayou_shore_b, grunt_megastairs_5,
          infiniplex_staircase_pool_2, uniq_rupert
Orc:1:    layout_caves, uniq_harold, uniq_maurice, uniq_nergalle
Orc:2:    st_orc_ogre_mass, layout_caves

Notes
Turn   | Place    | Note
-------+----------+-------------------------------------------
     0 | D:1      | demibob the Hill Orc Hunter began the quest for the Orb.
     0 | D:1      | Reached XP level 1. HP: 18/18 MP: 1/1
    99 | D:1      | Reached skill level 4 in Ranged Weapons
    99 | D:1      | Reached XP level 2. HP: 22/25 MP: 2/2
   219 | D:1      | Reached XP level 3. HP: 26/30 MP: 3/3
  1202 | D:2      | Reached skill level 1 in Long Blades
  1225 | D:2      | Reached XP level 4. HP: 37/37 MP: 4/4
  1608 | D:2      | Reached skill level 2 in Long Blades
  1828 | D:3      | Noticed Ijyb
  1835 | D:3      | Killed Ijyb
  1836 | D:3      | Reached skill level 3 in Long Blades
  1836 | D:3      | Reached XP level 5. HP: 41/42 MP: 5/5
  2100 | D:3      | Found a shadowy altar of Dithmenos.
  2100 | D:3      | Noticed Jessica
  2109 | D:3      | Killed Jessica
  2110 | D:3      | Reached skill level 4 in Long Blades
  2266 | D:3      | Noticed a phantom
  2275 | D:3      | Killed a phantom
  2276 | D:3      | Reached skill level 5 in Long Blades
  2276 | D:3      | Reached XP level 6. HP: 37/50 MP: 6/6
  2357 | D:3      | Found a runed translucent door.
  2358 | D:3      | Noticed Crazy Yiuf
  2533 | D:3      | Noticed Robin
  2550 | D:3      | Killed Robin
  2764 | D:3      | Identified a scroll of acquirement
  2764 | D:3      | Acquired the ring of Xaulawn {rC++ rN+ AC+4 Str-3 Dex+3}
  2855 | D:4      | Became a worshipper of Beogh the Brigand
  2915 | D:4      | Noticed a sky beast
  2917 | D:4      | Reached skill level 1 in Armour
  2926 | D:4      | Reached skill level 2 in Armour
  2935 | D:4      | Killed a sky beast
  2936 | D:4      | Reached skill level 6 in Long Blades
  2936 | D:4      | Reached XP level 7. HP: 29/56 MP: 7/7
  3056 | D:4      | Reached skill level 3 in Armour
  3212 | D:4      | Reached * piety under Beogh
  3329 | D:4      | Found Unazafydgh's Jewellery Shoppe.
  3465 | D:4      | Found a staircase to the Ecumenical Temple.
  3490 | D:5      | Entered Level 5 of the Dungeon
  3541 | D:5      | Noticed Blork the orc
  3553 | D:5      | Killed Blork the orc
  3559 | D:5      | Reached skill level 4 in Armour
  3678 | D:5      | Reached skill level 7 in Long Blades
  3698 | D:5      | Found a shimmering blue altar of Sif Muna.
  3751 | D:5      | Reached XP level 8. HP: 58/62 MP: 8/8
  3868 | D:5      | Found a sparkling altar of Nemelex Xobeh.
  4043 | D:5      | Reached skill level 5 in Ranged Weapons
  4410 | D:6      | You fall into a shaft and drop 1 floor!
  4441 | D:6      | Noticed Prince Ribbit
  4459 | D:6      | Killed Prince Ribbit
  4460 | D:6      | Reached skill level 8 in Long Blades
  4572 | D:6      | Noticed a hornet
  4582 | D:6      | Killed a hornet
  4583 | D:6      | Reached skill level 6 in Ranged Weapons
  4614 | D:6      | Reached skill level 9 in Long Blades
  4614 | D:6      | Reached XP level 9. HP: 64/68 MP: 9/9
  4634 | D:6      | Found an iron altar of Okawaru.
  4876 | D:6      | Noticed Eustachio
  4902 | D:6      | Killed Eustachio
  4903 | D:6      | Reached skill level 7 in Ranged Weapons
  5176 | D:6      | Reached ** piety under Beogh
  5249 | D:6      | Identified the ring "Lucuy" {Str+3 Int+6}
  5732 | D:7      | Reached skill level 10 in Long Blades
  6359 | D:7      | Reached skill level 8 in Ranged Weapons
  6559 | D:7      | Identified a potion of resistance
  6590 | D:8      | Found a white marble altar of Elyvilon.
  6629 | D:8      | Found a glowing silver altar of Zin.
  6629 | D:8      | Found an opulent altar of Gozag.
  6917 | D:8      | Reached XP level 10. HP: 58/74 MP: 10/10
  6926 | D:8      | Reached skill level 11 in Long Blades
  7385 | D:8      | Reached *** piety under Beogh
  7864 | D:8      | Found a burning altar of Makhleb.
  8000 | D:9      | Reached skill level 9 in Ranged Weapons
  8050 | D:9      | Found a broken altar of Ashenzari.
  8050 | D:9      | Found an ornate altar of the Wu Jian Council.
  8240 | D:9      | Found a blossoming altar of Fedhas.
  8578 | D:9      | Noticed Erolcha
  8617 | D:9      | Killed Erolcha
  8618 | D:9      | Reached skill level 12 in Long Blades
  9184 | D:10     | Entered Level 10 of the Dungeon
  9227 | D:10     | Noticed an elephant
  9247 | D:10     | Killed an elephant
  9252 | D:10     | Reached skill level 10 in Ranged Weapons
  9276 | D:10     | Reached XP level 11. HP: 46/80 MP: 11/11
  9434 | D:10     | Found a staircase to the Lair.
  9449 | D:10     | Found a bloodstained altar of Trog.
  9561 | D:10     | Reached skill level 13 in Long Blades
 10390 | D:11     | Noticed a manticore
 10515 | D:11     | Killed a manticore
 10591 | D:11     | Noticed Lodul
 10690 | D:11     | Found a staircase to the Orcish Mines.
 10878 | D:11     | Noticed a manticore
 10889 | D:11     | Killed a manticore
 10889 | D:11     | Reached **** piety under Beogh
 10890 | D:11     | Reached skill level 11 in Ranged Weapons
 11073 | D:11     | Killed Lodul
 11079 | D:11     | Reached skill level 14 in Long Blades
 11490 | Lair:1   | Entered Level 1 of the Lair of Beasts
 11538 | D:10     | Reached skill level 5 in Armour
 12216 | Lair:1   | Reached skill level 6 in Armour
 12792 | Lair:2   | Reached XP level 12. HP: 88/88 MP: 12/12
 12841 | Lair:2   | Reached skill level 12 in Ranged Weapons
 12925 | Lair:2   | Reached skill level 7 in Armour
 12958 | Lair:2   | Noticed a five-headed hydra
 12970 | Lair:2   | Killed an eight-headed hydra
 13525 | Lair:2   | Noticed a death yak
 13525 | Lair:2   | Noticed a death yak
 13525 | Lair:2   | Noticed a death yak
 13525 | Lair:2   | Noticed a death yak
 13526 | Lair:2   | Noticed a death yak
 13533 | Lair:2   | Killed a death yak
 13534 | Lair:2   | Reached skill level 8 in Armour
 13536 | Lair:2   | Killed a death yak
 13536 | Lair:2   | Gained Gorg as an ally
 13539 | Lair:2   | Your ally Gorg died
 13543 | Lair:2   | Killed a death yak
 13546 | Lair:2   | Killed a death yak
 13549 | Lair:2   | HP: 3/88 [death yak (16)]
 13550 | Lair:2   | Killed a death yak
 14029 | Lair:2   | Found a hole to the Spider Nest.
 14183 | Lair:2   | Reached skill level 9 in Armour
 14200 | Lair:2   | Reached ***** piety under Beogh
 14206 | Lair:2   | Reached skill level 13 in Ranged Weapons
 14468 | Lair:2   | Reached skill level 10 in Armour
 14506 | Lair:2   | Gained Jorge as an ally
 15433 | Lair:3   | Reached XP level 13. HP: 93/93 MP: 13/13
 15633 | Lair:3   | Found a staircase to the Shoals.
 15895 | Lair:3   | Reached skill level 11 in Armour
 15923 | Lair:3   | Your ally Jorge died
 15944 | Lair:3   | Noticed Fannar
 15956 | Lair:3   | Reached skill level 14 in Ranged Weapons
 16722 | D:12     | Reached skill level 3 in Fighting
 16768 | D:12     | Reached skill level 4 in Fighting
 16887 | D:12     | Noticed Gastronok
 16910 | D:12     | Killed Gastronok
 17357 | Orc:1    | Entered Level 1 of the Orcish Mines
 17359 | Orc:1    | Paralysed by an orc sorcerer for 2 turns
 17667 | Orc:1    | Noticed Harold
 17672 | Orc:1    | Reached skill level 5 in Fighting
 17677 | Orc:1    | Killed Harold
 17710 | Orc:1    | Noticed Maurice
 17713 | Orc:1    | Maurice changed into Maurice the worm
 17713 | Orc:1    | Noticed Maurice
 17714 | Orc:1    | Killed Maurice the worm
 17723 | Orc:1    | Noticed an orc warlord
 17730 | Orc:1    | Noticed Nergalle
 17739 | Orc:1    | Killed an orc warlord
 17745 | Orc:1    | Killed Nergalle
 17957 | Orc:1    | Reached skill level 6 in Fighting
 18522 | Lair:3   | Killed Fannar
 19079 | Lair:4   | Reached skill level 7 in Fighting
 19274 | Lair:4   | Reached skill level 15 in Ranged Weapons
 19692 | Lair:4   | Found a transporter.
 19703 | Lair:4   | Noticed bakla's ghost (journeyman OpFi)
 20029 | Lair:4   | Found a transporter.
 20161 | Lair:5   | Entered Level 5 of the Lair of Beasts
 20173 | Lair:5   | Gained Morbeogh as an ally
 20187 | Lair:5   | Reached skill level 8 in Fighting
 20187 | Lair:5   | Reached XP level 14. HP: 78/115 MP: 14/14
 20315 | Lair:5   | Noticed Rupert
 20325 | Lair:5   | Killed Rupert
 20484 | Lair:5   | Gained Korbok as an ally
 20507 | Lair:5   | Gained Hawl as an ally
 20527 | Lair:5   | Reached ****** piety under Beogh
 20528 | Lair:5   | Gained Gorm as an ally
 20531 | Lair:5   | Gained Spirok as an ally
 21676 | Lair:5   | Found a staircase to the Slime Pits.
 21982 | Orc:2    | Entered Level 2 of the Orcish Mines
 22025 | Orc:2    | Found a staircase to the Elven Halls.
 22129 | Orc:2    | Reached skill level 15 in Long Blades
 22129 | Orc:2    | Your ally Gorm died
 22149 | Orc:2    | Reached skill level 16 in Ranged Weapons
 22149 | Orc:2    | Your ally Korbok died
 22156 | Orc:2    | HP: 2/115 [two-headed ogre/+0 giant club (16)]
 22156 | Orc:2    | Slain by an ogre mage

Vanquished Creatures
  Gastronok (D:12)
  2 hydras (Lair:3)
  Harold (Orc:1)
  2 ogre magi (Orc:2)
  Erolcha (D:9)
  5 two-headed ogres
  6 death yaks
  Nergalle (Orc:1)
  Lodul (D:11)
  An orb spider (Lair:2)
  2 orc sorcerers (Orc:1)
  3 elephants
  2 manticores (D:11)
  3 black mambas
  7 cane toads
  5 rime drakes
  2 trolls (D:12)
  3 hornets
  A queen bee (Lair:2)
  5 polar bears
  Prince Ribbit (D:6)
  A snapping turtle (Lair:3)
  7 blink frogs
  A shadow (D:10)
  Eustachio (D:6)
  3 wraiths
  6 wyverns
  31 yaks
  A vampire (D:11)
  2 basilisks (Lair:2)
  3 wargs
  15 water moccasins
  3 acid dragons
  2 hell hounds (Lair:5)
  A swamp drake (Lair:2)
  3 sky beasts
  5 orc warriors
  An ice beast (D:7)
  6 black bears
  16 ogres
  5 wolves
  3 centaurs
  A phantom (D:3)
  Blork the orc (D:5)
  3 kobold brigands
  3 bullfrogs
  5 scorpions
  10 wights
  30 killer bees
  2 electric eels
  3 howler monkeys
  A jelly (D:4)
  5 hounds
  4 orc priests
  A sleepcap (D:5)
  Jessica (D:3)
  2 gnoll boudas
  Ijyb (D:3)
  2 iguanas
  7 orc wizards
  A hell rat (Lair:2)
  Robin (D:3)
  9 gnolls
  9 adders
  2 river rats (Lair:2)
  A white imp (D:5)
  3 dart slugs
  36 orcs
  9 endoplasms
  5 giant cockroaches
  16 goblins
  16 hobgoblins
  14 jackals
  19 kobolds
  4 quokkas
  10 ball pythons
  4 bats
  4 frilled lizards
  6 rats
422 creatures vanquished.

Vanquished Creatures (collateral kills)
  Rupert (Lair:5)
  An orc warlord (Orc:1)
  Fannar (Lair:3)
  2 hydras
  8 two-headed ogres (Orc:2)
  2 death yaks
  A catoblepas (Lair:4)
  A lindwurm (Lair:5)
  An orc sorcerer (Orc:1)
  2 black mambas
  An elephant (Lair:4)
  4 cane toads
  A rime drake (Lair:5)
  A komodo dragon (Lair:1)
  A troll (D:11)
  7 polar bears (Lair:5)
  9 blink frogs
  3 raiju (Lair:5)
  3 yaks
  A wyvern (Lair:5)
  3 basilisks
  2 vampire mosquitoes (Lair:2)
  4 wargs
  12 hell hounds (Lair:5)
  2 water moccasins (Lair:1)
  A swamp drake (Lair:2)
  An orc warrior (Orc:2)
  7 black bears (Lair:5)
  13 ogres
  12 wolves
  3 bullfrogs
  6 killer bees (Lair:2)
  3 orc wizards
  A worm (Orc:1)
  7 orcs
128 creatures vanquished.

Vanquished Creatures (others)
  3 orc knights
  2 orc priests
  An orc sorcerer (Orc:1)
  7 orc warriors
  4 orc wizards
  26 orcs
  A quokka (D:4)
  36 fungi
  76 plants
156 creatures vanquished.

Grand Total: 706 creatures vanquished

Table legend: (Time is in decaauts)
 A = Elapsed time spent in this place.
 B = Non-inter-level travel time spent in this place.
 C = Inter-level travel time spent in this place.
 D = Time resting spent in this place.
 E = Time spent auto-exploring this place.
 F = Levels seen in this place.
 G = Mean time per level.
                   A        B        C        D        E       F      G
               +--------+--------+--------+--------+--------+-----+--------+
         Total |  21921 |  21007 |    914 |   3759 |  14103 |  19 | 1153.7 |
       Dungeon |  13174 |  12585 |    589 |   1930 |   8676 |  12 | 1097.8 |
          Lair |   7996 |   7700 |    296 |   1700 |   4976 |   5 | 1599.2 |
  Orcish Mines |    749 |    721 |     28 |    129 |    451 |   2 |  374.5 |
               +--------+--------+--------+--------+--------+-----+--------+

Top non-repeatable levels by time:
  Lair:2: 2702 daAuts
  Lair:5: 1652 daAuts
    D:11: 1470 daAuts
    D:10: 1450 daAuts
  Lair:3: 1320 daAuts
  Lair:4: 1307 daAuts
     D:7: 1254 daAuts
     D:6: 1239 daAuts
     D:9: 1204 daAuts
     D:1: 1063 daAuts
    D:12: 1051 daAuts
     D:3: 1039 daAuts
     D:8: 1036 daAuts
  Lair:1: 1014 daAuts
     D:5: 900 daAuts

Table legend:
 A = Non-vault XP
 B = Vault XP
 C = Vault XP percentage of total XP
 D = Non-vault monster count
 E = Vault monster count
 F = Vault count percentage of total count
                 A         B        C        D         E       F
            +---------+---------+-------+---------+---------+-------
      Total |   40082 |   33389 |  45.4 |     361 |     188 |  34.2
            +---------+---------+-------+---------+---------+-------
        D:1 |      65 |       0 |   0.0 |      34 |       0 |   0.0
        D:2 |      44 |       2 |   4.3 |      20 |       1 |   4.8
        D:3 |     179 |     108 |  37.6 |      19 |      13 |  40.6
        D:4 |     491 |       0 |   0.0 |      29 |       0 |   0.0
        D:5 |     480 |     100 |  17.2 |      16 |       1 |   5.9
        D:6 |    1331 |     508 |  27.6 |      26 |       2 |   7.1
        D:7 |    1427 |       0 |   0.0 |      29 |       0 |   0.0
        D:8 |    1083 |       0 |   0.0 |      24 |       0 |   0.0
        D:9 |    1224 |     848 |  40.9 |      24 |       1 |   4.0
       D:10 |    3234 |    1003 |  23.7 |      16 |       4 |  20.0
       D:11 |    2104 |    1430 |  40.5 |      15 |      10 |  40.0
       D:12 |    3755 |    1528 |  28.9 |      14 |       1 |   6.7
     Lair:1 |    1841 |       0 |   0.0 |      11 |       0 |   0.0
     Lair:2 |    8254 |    6495 |  44.0 |      28 |      53 |  65.4
     Lair:3 |    4849 |    1720 |  26.2 |      17 |       6 |  26.1
     Lair:4 |    5025 |     733 |  12.7 |      15 |       2 |  11.8
     Lair:5 |    2092 |    9297 |  81.6 |       8 |      65 |  89.0
      Orc:1 |    2439 |    1239 |  33.7 |      12 |       3 |  20.0
      Orc:2 |     165 |    8378 |  98.1 |       4 |      26 |  86.7
            +---------+---------+-------+---------+---------+-------
